 Dungeon Crawl Stone Soup version 0.29.1-14-g9c671dbff4 (webtiles) character file.

Game seed: 9003498865618109817

59 promet the Stinger (level 3, 0/19 HPs)
             Began as a Deep Elf Venom Mage on Feb 13, 2023.
             Killed from afar by a dart slug (4 damage)
             ... with a slug dart
             ... on level 2 of the Dungeon.
             The game lasted 00:09:43 (1774 turns).

promet the Stinger (Deep Elf Venom Mage)            Turns: 1774, Time: 00:09:44

Health: 0/19       AC:  2    Str:  7    XL:     3   Next: 78%
Magic:  3/10       EV: 12    Int: 19    God:
Gold:   68         SH:  0    Dex: 15    Spells: 6/9 levels left

rFire   . . .      SeeInvis .   a - staff of poison
rCold   . . .      Faith    .   (no shield)
rNeg    . . .      Spirit   .   c - +0 robe
rPois   +          Reflect  .   (no helmet)
rElec   .          Harm     .   (no cloak)
rCorr   .          Rampage  .   (no gloves)
Will    .....                   (no boots)
Stlth   ++........              (no amulet)
HPRegen 0.06/turn               (no ring)
MPRegen 0.12/turn               (no ring)

@: very slightly contaminated
A: no striking features
a: no special abilities


You were on level 2 of the Dungeon.
You visited 1 branch of the dungeon, and saw 2 of its levels.

You collected 68 gold pieces.

Inventory:

Hand Weapons
 b - a +0 sling
 g - a +0 dagger
Missiles
 h - 4 stones
Armour
 c - a +0 robe (worn)
Magical Staves
 a - a staff of poison (weapon)
Scrolls
 f - a scroll of identify
Potions
 d - a potion of magic
 e - 2 potions of heal wounds
 i - a potion of lignification {unknown}
 j - 3 potions of curing


   Skills:
 + Level 0.9 Ranged Weapons
 + Level 2.5 Dodging
 + Level 3.2 Stealth
 + Level 3.7 Spellcasting
 + Level 1.5 Transmutations
 + Level 0.3 Air Magic
 + Level 4.0 Poison Magic
 * Level 0.2 Evocations


You had 6 spell levels left.
You knew the following spells:

 Your Spells              Type           Power      Damage    Failure   Level
a - Sting                 Tmut/Pois      84%        1d7       4%          1
b - Poisonous Vapours     Pois/Air       34%        N/A       9%          2

Your spell library contained the following spells:

 Spells                   Type           Power      Damage    Failure   Level
 Shock                    Conj/Air       16%        1d4       13%         1
 Mephitic Cloud           Conj/Pois/Air  13%        N/A       24%         3
 Olgreb's Toxic Radiance  Pois           28%        N/A       26%         4
 Swiftness                Air            4%         N/A       36%         3
 Airstrike                Air            2%         2d(1-17)  77%         4


Dungeon Overview and Level Annotations

Branches:
Dungeon (2/15)

Altars:

Shops:
D:1 (


Message History

The adder barely misses you.
Casting: Sting (safe; 4% risk of failure)
Confirm with . or Enter, or press ? or * to list all spells.
Aiming: Sting (safe; 4% risk of failure)
Press: ? - help, Shift-Dir - straight line, f/p - adder
Aim: an adder (severely wounded, poisoned, 60% to hit)
You feel a surge of power!
The sting misses the adder.
The sting hits the bat.
The bat is poisoned.
You kill the bat!
The adder bites you. The adder barely misses you.
You hit the adder.
The adder is severely wounded.
The adder closely misses you.
You miss the adder.
The adder is almost dead.
The adder bites you. x2
Casting: Sting (safe; 4% risk of failure)
Confirm with . or Enter, or press ? or * to list all spells.
Aiming: Sting (safe; 4% risk of failure)
Press: ? - help, Shift-Dir - straight line, f/p - adder
Aim: an adder (almost dead, poisoned, 60% to hit)
You feel a surge of power!
You miscast Sting.
You are very lightly contaminated with residual magic.
Nothing appears to happen.
You kill the adder!
Casting: Sting (safe; 4% risk of failure)
Confirm with . or Enter, or press ? or * to list all spells.
Aiming: Sting (safe; 4% risk of failure)
Press: ? - help, Shift-Dir - straight line, f - dart slug
Aim: a dart slug (100% to hit)
You feel a surge of power!
The sting hits the dart slug.
The dart slug is poisoned.
The dart slug is moderately wounded.
The dart slug bites you.
* * * LOW HITPOINT WARNING * * *
You hit the dart slug but do no damage.
The dart slug is heavily wounded.
The dart slug launches a dart at you. The slug dart hits you.
You die...

.............
.<..........
...........# .
...........##.#
..[.........w..
...............
...........# #w# ## #@#
#. ..# #.# #. #.# #.#
##.##.###.########.
#####..................
#..............#######.
#.# #..........#### #.#
#............####. #.#
#.......##........


You could see a dart slug (poisoned).

Vanquished Creatures
  A gnoll (D:1)
  An adder (D:2)
  2 dart slugs (D:1)
  4 bats
  3 endoplasms (D:1)
  A hobgoblin (D:1)
  4 jackals (D:1)
  3 kobolds
  A quokka (D:1)
  6 ball pythons
  2 frilled lizards (D:1)
  5 goblins
  A rat (D:1)
34 creatures vanquished.

Notes
Turn   | Place    | Note
-------+----------+-------------------------------------------
     0 | D:1      | promet the Deep Elf Venom Mage began the quest for the Orb.
     0 | D:1      | Reached XP level 1. HP: 10/10 MP: 6/6
   283 | D:1      | Reached XP level 2. HP: 15/15 MP: 8/8
   311 | D:1      | Found Guqar's Antique Weapon Emporium.
   469 | D:1      | Learned a level 2 spell: Poisonous Vapours
   789 | D:1      | Found a faded altar of an unknown god.
   799 | D:1      | Reached XP level 3. HP: 9/19 MP: 5/9
  1493 | D:2      | Reached skill level 4 in Poison Magic
  1774 | D:2      | Killed from afar by a dart slug

Illustrated notes

Levels and vault maps discovered:
D:1:      minmay_arrival_up_and_down, layout_loops_cross, serial_shops,
          nicolae_shop_stone, shapermc_ecumenical_altar_totnotflames,
          serial_glass, glass_columns_a, glass_columns_a,
          minmay_strange_pillars, due_unseen_surprise
D:2:      layout_loops_ring

Skill      XL: |  1  2  3 |
---------------+----------+-----
Stealth        | 3 |  3.2
Poison Magic   | 4 |  4.0
Ranged Weapons | |  0.9
Dodging        | |  2.5
Spellcasting   | |  3.7
Transmutations | |  1.5
Air Magic      | |  0.3
Evocations     | |  0.2

Action                   || total
-------------------------++-------
Melee: Dagger            ||     4
       Staff             ||    22
       Punch             ||     1
 Fire: Sling             ||    14
 Cast: Sting             ||    23
       Poisonous Vapours ||    21
  Use: Scroll            ||     3
 Stab: Sleeping          ||     1
Armor: Robe              ||     9
Dodge: Dodged            ||    25
